 Dungeon Crawl Stone Soup version 0.32-a0-960-g3814254bd7 (webtiles) character file.

Game seed: 6014111837428233946

18 Dirtsage the Digger (level 2, 19/19 HPs)
             Began as a Demonspawn Earth Elementalist on Apr 17, 2024.
             Quit the game on level 1 of the Dungeon.
             The game lasted 00:01:42 (794 turns).

Dirtsage the Digger (Demonspawn Earth Elementalist)  Turns: 794, Time: 00:01:43

Health: 19/19      AC:  3    Str:  8    XL:     2   Next: 51%
Magic:  5/5        EV: 11    Int: 15    God:
Gold:   40         SH:  0    Dex: 19    Spells: 4/5 levels left

rFire   . . .        f - +0 whip
rCold   . . .        (no shield)
rNeg    . . .        e - +0 leather armour
rPois   .            (no helmet)
rElec   .            (no cloak)
rCorr   .            (no gloves)
SInv    .            (no boots)
Will    .....        (no amulet)
Stlth   ++           c - +6 ring of dexterity
HPRegen 0.23/turn    (no ring)
MPRegen 0.09/turn

%: no passive effects
@: no status effects
A: hooves 1
a: no special abilities


You were on level 1 of the Dungeon.
You visited 1 branch of the dungeon, and saw 1 of its levels.

You collected 40 gold pieces.

Inventory:

Hand Weapons
 f - a +0 whip (weapon)
Armour
 a - a +0 robe
 e - a +0 leather armour (worn)
Jewellery
 c - a +6 ring of dexterity (left hand)
Scrolls
 g - a scroll of poison {unknown}
 h - a scroll of teleportation {unknown}
Potions
 b - a potion of magic
 d - a potion of haste {unknown}


   Skills:
 - Level 1.7 Dodging
 - Level 1.7 Stealth
 - Level 2.0 Spellcasting
 + Level 1.9 Conjurations
 + Level 3.1 Earth Magic


You had 4 spell levels left.
You knew the following spells:

 Your Spells              Type           Power      Damage    Failure   Level
a - Sandblast             Erth           22%        2d7       9%          1

Your spell library contained the following spells:

 Spells                   Type           Power      Damage    Failure   Level
 Passwall                 Erth           11%        N/A       26%         3
 Stone Arrow              Conj/Erth      18%        3d8       34%         3
 Brom's Barrelling Bould  Conj/Erth      9%         2d3       75%         4
 Petrify                  Alch/Erth      6%         N/A       86%         4


Dungeon Overview and Level Annotations

Branches:
Dungeon (1/15)

Altars:


Innate Abilities, Weirdness & Mutations

You have large cloven feet.


Message History

You now have 4/5 mp.
You open the door.
There is an open door here.
You now have 25 gold pieces (gained 5).
h - a scroll labelled AMINOE WUADYM MP restored: 5 A hobgoblin comes into view.
The hobgoblin shouts!
The hobgoblin moves out of view.
A ball python comes into view.
There are monsters nearby!
Casting: Sandblast (safe; 9% risk of failure)
Confirm with . or Enter, or press ? or * to list all spells.
Aiming: Sandblast (safe; 9% risk of failure)
Press: ? - help, Shift-Dir - straight line, f - hobgoblin
Aim: a hobgoblin (82% to hit)
The blast of sand hits the hobgoblin!
You kill the hobgoblin!
The ball python hisses angrily.
You now have 4/5 mp.
Casting: Sandblast (safe; 9% risk of failure)
Confirm with . or Enter, or press ? or * to list all spells.
Aiming: Sandblast (safe; 9% risk of failure)
Press: ? - help, Shift-Dir - straight line, f - ball python
Aim: a ball python (80% to hit)
The blast of sand hits the ball python!
You kill the ball python!
You now have 3/5 mp.
You see here a hobgoblin corpse.
You now have 33 gold pieces (gained 8).
You now have 40 gold pieces (gained 7).
Found a stone staircase leading down.
MP restored: 5
There is a stone staircase leading down here.
You open the door.
There is an open door here.
You open the door.
There is an open door here.
A bat comes into view.
Are you sure you want to abandon this character and quit the game? (Confirm with "yes".)

....#..# ##### #.....## †.†##..#
#...b#...# #.....#. ####..##
#....#...###.....'. ##÷÷.##
#$...#...........#. .###.#
#...###..........#. .....# #...#
#.......##### ....)### #...#
#.......# .......# #...#
#.......#
.......########.@.###.......#####
.......'............'............
###....###.####...###.......#####
.......# #..# ##### #.......†....
.......# ##.## #######..†...
.......####..#### #......
................## #......
...###.......##..## ##...... ...
#.......###..# ...###...#


You could see a bat (asleep).

Vanquished Creatures
  An endoplasm (D:1)
  A giant cockroach (D:1)
  A goblin (D:1)
  5 hobgoblins (D:1)
  2 kobolds (D:1)
  A quokka (D:1)
  A ball python (D:1)
  A frilled lizard (D:1)
  3 rats (D:1)
16 creatures vanquished.

Notes
Turn   | Place    | Note
-------+----------+-------------------------------------------
     0 | D:1      | Dirtsage the Demonspawn Earth Elementalist began the quest
                  | for the Orb.
     0 | D:1      | Reached XP level 1. HP: 13/13 MP: 3/3
   281 | D:1      | Reached skill level 3 in Earth Magic
   367 | D:1      | Discovered your monstrous ancestry.
   367 | D:1      | Gained mutation: You have large cloven feet. [demonic
                  | ancestry]
   367 | D:1      | Reached XP level 2. HP: 19/19 MP: 3/5
   794 | D:1      | Quit the game

Illustrated notes

Levels and vault maps discovered:
D:1:      dpeg_arrival_arbitrary_a, layout_basic,
          wander_ebering_terrifying_dragon_lair

Skill      XL: |  1 |
---------------+----+-----
Earth Magic    | 3 |  3.1
Dodging        | |  1.7
Stealth        | |  1.7
Spellcasting   | |  2.0
Conjurations   | |  1.9

Action                     || total
---------------------------++-------
  Melee: Unarmed           ||     2
   Cast: Sandblast         ||    25
 Armour: Robe              ||     4
  Dodge: Dodged            ||     3

Table legend: (Time is in decaauts)
 A = Elapsed time spent in this place.
 B = Non-inter-level travel time spent in this place.
 C = Inter-level travel time spent in this place.
 D = Time resting spent in this place.
 E = Time spent auto-exploring this place.
 F = Levels seen in this place.
 G = Mean time per level.
                   A        B        C        D        E       F      G
               +--------+--------+--------+--------+--------+-----+--------+
         Total |    805 |    802 |      3 |      0 |    703 |   1 |  805.0 |
       Dungeon |    805 |    802 |      3 |      0 |    703 |   1 |  805.0 |
               +--------+--------+--------+--------+--------+-----+--------+

Top non-repeatable levels by time:
     D:1: 805 daAuts
